 Dungeon Crawl Stone Soup version 0.14-a0-1570-g671a4b6 (webtiles) character file.

153 M4edhros the Changer (level 4, -1/28 HPs)
             Began as an Octopode Transmuter on Dec 21, 2013.
             Slain by an orc
             ... wielding a +0,+1 orcish war axe
              (5 damage)
             ... on Level 3 of the Dungeon.
             The game lasted 00:02:00 (1901 turns).

M4edhros the Changer (Octopode Transmuter)          Turns: 1901, Time: 00:02:00

HP  -1/28        AC  1     Str  9      XL: 4   Next: 31%
MP   7/7         EV 18     Int 16      God:
Gold 78          SH  0     Dex 17      Spells:  1 memorised,  6 levels left

rFire  . . .     SeeInvis .       - Unarmed
rCold  . . .     Clarity  .     (no shield)
rNeg   . . .     Conserve .     (helmet restricted)
rPois  .         rCorr    .     (no amulet)
rElec  .         rRot     .     (no ring)
SustAb . .       Spirit   .     (no ring)
rMut   .         Warding  .     (no ring)
Saprov . . .     Stasis   .     (no ring)
                                (no ring)
                                (no ring)
                                (no ring)
                                (no ring)

@: agile, slightly resistant to hostile enchantments, quite stealthy
A: almost no armour, amphibious, 8 rings, constrict 8, camouflage 1, slow
metabolism 1, gelatinous body 1
a: no special abilities


You were on level 3 of the Dungeon.
You were not hungry.

You visited 1 branch of the dungeon, and saw 3 of its levels.

You collected 78 gold pieces.

Inventory:

Missiles
 b - 12 arrows
Magical devices
 c - a wand of polymorph (1)
Comestibles
 a - a bread ration
Scrolls
 e - a scroll of recharging {unknown}
 f - 2 scrolls of teleportation {unknown}
 g - a scroll of fear {unknown}
 i - a scroll of blinking {unknown}
Books
 d - a book of Changes

   Spells                             Type                      Level
   *Beastly Appendage                 Transmutation                1
   Sticks to Snakes                   Transmutation                2
   Spider Form                        Transmutation/Poison         3
   Ice Form                           Ice/Transmutation            4
   Blade Hands                        Transmutation                5


   Skills:
 - Level 1.0 Fighting
 - Level 2.0 Dodging
 - Level 3.0 Unarmed Combat
 - Level 2.0 Spellcasting
 + Level 4.4 Transmutations


You had 6 spell levels left.
You knew the following spells:

 Your Spells              Type           Power        Failure   Level  Hunger
a - Beastly Appendage     Trmt           ###...       4%          1    #......


Dungeon Overview and Level Annotations

Branches:
Dungeon (3/16)

Altars:


Innate Abilities, Weirdness & Mutations

You cannot wear most types of armour.
You are amphibious.
You can wear up to eight rings at the same time.
You can use your tentacles to constrict many enemies at once.
Your skin changes colour to match your surroundings (Stlth).
Your rubbery body absorbs attacks (AC +1).
You have a slow metabolism.


Message History

You hit the orc priest but do no damage.
The orc priest is lightly wounded.
You constrict the orc priest.
The orc wizard hits you with an orcish dagger.
The orc priest's eyes start to glow.
Unknown command.
You hit the orc priest.
The orc priest is moderately wounded.
You constrict the orc priest. The orc wizard casts a spell at you. You resist.
The orc misses you. The orc priest closely misses you.
Unknown command.
Unknown command.
You hit the orc priest.
The orc priest is severely wounded.
You constrict the orc priest, but do no damage.
The orc wizard hits you with an orcish dagger.
* * * LOW HITPOINT WARNING * * *
The orc hits you with an orcish war axe.
You die...

♣♣.P♣♣ #.# .♣♣♣♣# #.#
....# #.# ....#####.##
...........
....#####.# #####
....#####.#######....#
................#o...#
#.#..........?..@o..!#
#.#.#####.#####(#o...#
#.#.# #.# #.#....#
#.#.# #.# #.#....#
#.#.# #.# #.#....#
#.#.# #.# #.##.###
#.#.#####.## #.# .#
............ ... ..
#.#.#####.## #.#


You could see an orc priest, an orc wizard and an orc.

Vanquished Creatures
  Ijyb (D:2)
  A giant gecko (D:3)
  2 ball pythons (D:1)
  12 bats
  4 giant cockroaches (D:2)
  9 hobgoblins
  3 quokkas (D:2)
  2 giant newts
  7 goblins
  8 kobolds
  4 rats
53 creatures vanquished.

Notes
Turn   | Place    | Note
--------------------------------------------------------------
     0 | D:1      | M4edhros, the Octopode Transmuter, began the quest for the Orb.
     0 | D:1      | Reached XP level 1. HP: 13/13 MP: 3/3
   104 | D:1      | Reached XP level 2. HP: 13/18 MP: 4/4
   683 | D:1      | Reached XP level 3. HP: 16/23 MP: 6/6
  1406 | D:2      | Noticed Ijyb
  1413 | D:2      | Gained mutation: You have a slow metabolism. [potion of beneficial mutation]
  1449 | D:2      | Killed Ijyb
  1449 | D:2      | Reached skill level 4 in Transmutations
  1449 | D:2      | Reached XP level 4. HP: 21/28 MP: 7/7
  1901 | D:3      | Slain by an orc

Action                   |  1- 3 |  4- 6 || total
-------------------------+-------+-------++-------
Melee: Unarmed           |   118 |    26 ||   144
  Use: Potion            |     1 |     1 ||     2
 Stab: Sleeping          |     2 |     1 ||     3
